[Event "Titled Tuesday Blitz December 13 Late 2022"]
[White "Pichot, Alan"]
[Black "Toncheva, Nadya"]
[WhiteFideId "110973"]
[BlackFideId "2924056"]
[WhiteElo "2561"]
[BlackElo "2101"]
[Result "1-0"]
[Round "04"]
[TimeControl "180+1"]
[Date "2022.12.13"]
[WhiteClock "0:00:35"]
[BlackClock "0:00:10"]

1. d4 d5 2. Nf3 Nf6 3. c4 dxc4 4. e3 Bg4 5. h3 Bh5 6. Bxc4 e6 7. O-O a6 8. Nc3 Nc6 9. b3 Bd6 10. Bb2 O-O 11. Be2 Re8 12. Rc1 Qe7 13. Nd2 Bxe2 14. Qxe2 Rad8 15. Nce4 Nxe4 16. Nxe4 Ba3 17. Bxa3 Qxa3 18. Nc5 Na5 19. Nd3 Qd6 20. Rc2 Nc6 21. Rfc1 e5 22. Nxe5 Nxe5 23. dxe5 Rxe5 24. Rxc7 Rd5 25. Rxb7 Rd2 26. Qf3 Qe6 27. Rcc7 Rf8 28. a4 Rdd8 29. b4 Rc8 30. b5 axb5 31. axb5 Rxc7 32. Rxc7 Qb3 33. Qc6 h6 34. Rc8 Rxc8 35. Qxc8+ Kh7 36. Qc6 Qb1+ 37. Kh2 Qf5 38. f4 h5 39. b6 h4 40. b7 Qb1 41. Qc8 Qe1 42. Qf5+ g6 43. Qxf7+ Kh6 44. Qf8+ Kh7 45. Qe7+ Kh6 46. Qg5+ Kh7 47. b8=Q 1-0


[Site "https://www.chess.com"]

[Event "Titled Tuesday Blitz December 13 Late 2022"]
[White "Przybylski, Wojciech"]
[Black "Samsonkin, Artiom"]
[WhiteFideId "1117599"]
[BlackFideId "13503111"]
[WhiteElo "2217"]
[BlackElo "2524"]
[Result "0-1"]
[Round "04"]
[TimeControl "180+1"]
[Date "2022.12.14"]
[WhiteClock "0:00:01"]
[BlackClock "0:00:48"]

1. e4 d5 2. exd5 Qxd5 3. Nc3 Qa5 4. Rb1 c6 5. Nf3 Nf6 6. b4 Qc7 7. Bc4 Bg4 8. h3 Bh5 9. Qe2 Nbd7 10. g4 Bg6 11. d3 e6 12. a3 Bd6 13. Bb2 O-O-O 14. b5 c5 15. g5 Nh5 16. Ne4 Nf4 17. Nxd6+ Qxd6 18. Qd2 Bh5 19. Nh4 Ne5 20. Qxf4 Nxd3+ 21. Bxd3 Qxf4 22. Ng2 Qf3 23. O-O Qxh3 24. Be4 Bf3 25. Bxf3 Qxf3 26. Rbe1 Rd5 27. Re3 Qh5 28. f4 Rd1 29. Bxg7 Rxf1+ 30. Kxf1 Rd8 31. Bc3 Qh1+ 32. Kf2 Rd1 33. Be1 Rc1 34. Rc3 b6 35. a4 Kb7 36. a5 bxa5 37. Rxc5 a4 38. Ba5 Rf1+ 39. Kg3 Rg1 40. Rc7+ Kb8 0-1


[Site "https://www.chess.com"]

[Event "Titled Tuesday Blitz December 13 Late 2022"]
[White "Radovanovic, Dusan"]
[Black "Hoffmann, Asa"]
[WhiteFideId "926868"]
[BlackFideId "2001470"]
[WhiteElo "2337"]
[BlackElo "2117"]
[Result "1-0"]
[Round "04"]
[TimeControl "180+1"]
[Date "2022.12.14"]
[WhiteClock "0:00:46"]
[BlackClock "0:00:19"]

1. e4 d6 2. d4 Nf6 3. Nc3 c6 4. f4 Qa5 5. Bd3 e5 6. Nf3 exd4 7. Nxd4 Qb6 8. Nf3 Be7 9. Qe2 O-O 10. a3 Bg4 11. Qf2 Qxf2+ 12. Kxf2 Bxf3 13. Kxf3 Nbd7 14. b4 a5 15. Bd2 axb4 16. axb4 Nb6 17. g4 d5 18. e5 Nfd7 19. b5 Nc5 20. bxc6 bxc6 21. Rhb1 Rxa1 22. Rxa1 Nxd3 23. cxd3 Ra8 24. Rb1 Bc5 25. Rb3 Kf8 26. Ne2 Ra6 27. Bb4 Nd7 28. d4 Bxb4 29. Rxb4 Rb6 30. Rxb6 Nxb6 31. f5 Ke7 32. h4 Nd7 33. Nc3 h6 34. Na4 g6 35. Kf4 Nf8 36. Nc5 Nd7 37. Nxd7 Kxd7 38. e6+ fxe6 39. fxg6 Ke7 40. Ke5 Kf8 41. Kxe6 Kg7 42. h5 1-0


[Site "https://www.chess.com"]

[Event "Titled Tuesday Blitz December 13 Late 2022"]
[White "Remizov, Yaroslav"]
[Black "Firouzja, Alireza"]
[WhiteFideId "34134015"]
[BlackFideId "12573981"]
[WhiteElo "2415"]
[BlackElo "2904"]
[Result "1/2-1/2"]
[Round "04"]
[TimeControl "180+1"]
[Date "2022.12.13"]
[WhiteClock "0:00:14"]
[BlackClock "0:00:11"]

1. e4 e6 2. d4 d5 3. Nc3 Bb4 4. e5 c5 5. a3 Bxc3+ 6. bxc3 Ne7 7. Qg4 O-O 8. Bd3 Nbc6 9. Nf3 Nf5 10. O-O Qa5 11. a4 c4 12. Bxf5 exf5 13. Qg3 f4 14. Bxf4 Bf5 15. Bd2 Bxc2 16. h4 f6 17. Rfe1 Be4 18. h5 fxe5 19. Nxe5 Nxd4 20. Nxc4 dxc4 21. Rxe4 Nf5 22. Qe5 Qxe5 23. Rxe5 Rad8 24. Be1 h6 25. a5 Rd7 26. f3 Re7 27. Rxe7 Nxe7 28. Rb1 Nd5 29. Rxb7 Re8 30. Bf2 Nxc3 31. Rxa7 Rc8 32. Kf1 Nd5 33. Rd7 Nf6 34. Rd1 c3 35. Ke2 Nxh5 36. Be3 Ng3+ 37. Kd3 c2 38. Rc1 Ra8 39. Bb6 Nh5 40. Rxc2 Nf4+ 41. Kc4 Rc8+ 42. Kb3 Ra8 43. Ka4 Nd5 44. Kb5 Kf7 45. Rc5 Ke6 46. Rc1 Kd6 47. Rd1 Rb8 48. Rd2 g6 49. Rd3 h5 50. Rd2 g5 51. Rd1 h4 52. Rd2 Ke6 53. Kc6 Rc8+ 54. Kb7 Rh8 55. a6 Rh7+ 56. Kc6 Nb4+ 57. Kb5 Nxa6 58. Kxa6 h3 59. gxh3 Rxh3 60. Rf2 Kf5 61. Bc7 g4 62. fxg4+ Kxg4 63. Rf7 Rf3 64. Re7 Kg5 65. Kb5 Kf6 66. Re1 Rf5+ 67. Kc6 Kf7 68. Bd6 Rf6 69. Kd7 Rf5 70. Re8 Kg7 71. Ke6 Rf6+ 72. Kd5 Rf1 73. Be5+ Kf7 74. Rh8 Rf5 75. Ke4 Rf1 76. Rh6 Rf2 77. Bf4 Ke8 78. Ke5 Re2+ 79. Kf6 Kd7 80. Rh7+ Kc6 81. Be5 Rd2 82. Rc7+ Kb6 83. Ke6 Re2 84. Rc1 Kb5 85. Kd5 Ka6 86. Kc6 Ra2 87. Bd4 Ra4 88. Bc5 Ra2 89. Rd1 Ka5 90. Rd4 Rb2 91. Re4 Rb3 92. Rf4 Rb1 93. Bd6 Rc1+ 94. Bc5 Rb1 95. Rh4 Rb2 96. Rg4 Rb1 97. Be3 Rb3 98. Rc4 Rxe3 99. Rc5+ Ka4 100. Rd5 Kb3 101. Kd6 Rc3 102. Re5 Kc2 103. Kd5 Rd3+ 104. Ke6 Rc3 105. Rd5 Kb3 106. Kd6 Rc4 107. Re5 Kb4 108. Rd5 Rc3 109. Ke5 Kb3 110. Rd4 Re3+ 111. Kf4 Rc3 112. Ke4 Rc4 113. Rxc4 Kxc4 1/2-1/2


[Site "https://www.chess.com"]

[Event "Titled Tuesday Blitz December 13 Late 2022"]
[White "Reprintsev, Alexander"]
[Black "Maksimovic, Bojan"]
[WhiteFideId "14100541"]
[BlackFideId "14408120"]
[WhiteElo "2230"]
[BlackElo "2462"]
[Result "0-1"]
[Round "04"]
[TimeControl "180+1"]
[Date "2022.12.14"]
[WhiteClock "0:00:54"]
[BlackClock "0:00:41"]

1. Nc3 g6 2. d4 Nf6 3. e4 d5 4. e5 Ne4 5. Nxe4 dxe4 6. Bc4 c5 7. Ne2 Nc6 8. c3 Bg7 9. O-O O-O 10. e6 Bxe6 11. Bxe6 fxe6 12. dxc5 Qd5 13. Be3 Rad8 14. Qb3 Na5 15. Qa4 Nc4 16. Qxa7 Ra8 17. Qxa8 Rxa8 18. Rfd1 Qc6 19. b4 Nxe3 20. fxe3 Bh6 21. Nf4 Bxf4 22. exf4 Rf8 23. g3 e5 24. fxe5 e3 25. Rf1 Qe4 0-1


[Site "https://www.chess.com"]

[Event "Titled Tuesday Blitz December 13 Late 2022"]
[White "Rodriguez Fontecha, Marcos"]
[Black "Yanchenko, Roman"]
[WhiteFideId "2256576"]
[BlackFideId "4137329"]
[WhiteElo "2263"]
[BlackElo "2491"]
[Result "0-1"]
[Round "04"]
[TimeControl "180+1"]
[Date "2022.12.13"]
[WhiteClock "0:00:23"]
[BlackClock "0:00:12"]

1. d4 d5 2. Bf4 Bf5 3. e3 e6 4. c4 Bxb1 5. Qxb1 Bb4+ 6. Kd1 Bd6 7. Bg3 Nf6 8. Bd3 dxc4 9. Bxc4 c5 10. Qd3 Nc6 11. Nf3 cxd4 12. Nxd4 Nxd4 13. Qxd4 Bxg3 14. Bb5+ Ke7 15. hxg3 Qxd4+ 16. exd4 Rhd8 17. Ke2 a6 18. Bd3 Rxd4 19. Rac1 Rad8 20. Rc7+ R8d7 21. Rxd7+ Rxd7 22. Rc1 h6 23. Rc8 Nd5 24. a3 Rd8 25. Rc5 Kd6 26. Rc1 f5 27. Bb1 Ne7 28. Kf3 Nc6 29. Ke3 Ke7 30. Ba2 Rd6 31. Rc4 e5 32. g4 f4+ 33. Ke2 Nd4+ 34. Ke1 Rc6 35. Kd2 Rxc4 36. Bxc4 b5 37. Bd5 Kd6 38. Be4 a5 39. Kd3 Kc5 40. Kc3 Ne6 41. Kd3 Kd6 42. f3 Nc5+ 43. Kc3 Nxe4+ 44. fxe4 Ke6 45. a4 bxa4 46. Kc4 g5 47. Kb5 h5 48. gxh5 g4 0-1


[Site "https://www.chess.com"]

[Event "Titled Tuesday Blitz December 13 Late 2022"]
[White "Romero Ruscalleda, Josep"]
[Black "Steenbekkers, Franck"]
[WhiteFideId "2231859"]
[BlackFideId "1004220"]
[WhiteElo "2183"]
[BlackElo "1920"]
[Result "1-0"]
[Round "04"]
[TimeControl "180+1"]
[Date "2022.12.14"]
[WhiteClock "0:00:12"]
[BlackClock "0:00:04"]

1. e4 d5 2. exd5 Nf6 3. Nc3 Nxd5 4. Bc4 Nb6 5. Bb3 Nc6 6. a3 Bf5 7. Nf3 e6 8. O-O Bd6 9. d4 h6 10. Be3 Qf6 11. Re1 O-O-O 12. Qe2 g5 13. d5 exd5 14. Bxb6 axb6 15. Nxd5 Qg6 16. Qc4 g4 17. Nh4 Qg5 18. Nxf5 Qxf5 19. Rad1 Na5 20. Qc3 Nxb3 21. Nxb6+ Kb8 22. cxb3 cxb6 23. Rxd6 Rhe8 24. Rxd8+ Rxd8 25. h3 gxh3 26. gxh3 Rg8+ 27. Kf1 Qf4 28. Qe5+ Qxe5 29. Rxe5 Rc8 30. Re7 Rc1+ 31. Kg2 Rc2 32. Rxf7 Rxb2 33. Rf3 b5 34. b4 Rc2 35. Kg3 Rc6 36. Kh4 Rf6 37. Rxf6 1-0


[Site "https://www.chess.com"]

[Event "Titled Tuesday Blitz December 13 Late 2022"]
[White "Rorrer, Grayson"]
[Black "Bogaudinov, Rushan"]
[WhiteFideId "30944996"]
[BlackFideId "4129288"]
[WhiteElo "2200"]
[BlackElo "2028"]
[Result "1-0"]
[Round "04"]
[TimeControl "180+1"]
[Date "2022.12.14"]
[WhiteClock "0:00:05"]
[BlackClock "0:00:01"]

1. Nf3 d5 2. e3 Nf6 3. c4 e6 4. Nc3 Be7 5. Be2 O-O 6. O-O c5 7. d4 Nc6 8. b3 cxd4 9. exd4 b6 10. Bb2 Bb7 11. Rc1 Rc8 12. cxd5 Nxd5 13. Nxd5 Qxd5 14. Bc4 Qh5 15. Be2 Nb4 16. Ne5 Qg5 17. Bf3 Ba6 18. Re1 Nxa2 19. Ra1 Nb4 20. Ba3 Bb5 21. Re4 a5 22. Rg4 Qh6 23. Bc1 Rxc1 24. Rxc1 Bd6 25. Ra1 f6 26. Nc4 Qxh2+ 27. Kf1 f5 28. Rg5 Qh1+ 29. Ke2 Qh4 30. Rh5 Qf6 31. Ke1 Bf4 32. g3 Bc7 33. Be2 g6 34. Rh1 Rd8 35. Ne5 Qe7 36. Bxb5 Bxe5 37. Qe2 Bxd4 38. Rc1 e5 39. Bc4+ Kg7 40. Kf1 e4 41. Kg2 e3 42. fxe3 Bxe3 43. Rcd1 Qe4+ 44. Qf3 1-0


[Site "https://www.chess.com"]

[Event "Titled Tuesday Blitz December 13 Late 2022"]
[White "Rosen, Eric"]
[Black "Sanchez, Robert"]
[WhiteFideId "2032562"]
[BlackFideId "2034360"]
[WhiteElo "2362"]
[BlackElo "2357"]
[Result "1-0"]
[Round "04"]
[TimeControl "180+1"]
[Date "2022.12.14"]
[WhiteClock "0:00:22"]
[BlackClock "0:00:03"]

1. d4 c5 2. dxc5 Qa5+ 3. Nc3 Qxc5 4. e4 e6 5. Be3 Qc7 6. Nb5 Qa5+ 7. c3 a6 8. Nd6+ Bxd6 9. Qxd6 Ne7 10. Nf3 Nbc6 11. Be2 O-O 12. O-O Ng6 13. Rfd1 f6 14. b4 Qd8 15. Bc4 Qe8 16. Bc5 Rf7 17. Bb3 b6 18. Bxb6 Bb7 19. Bc5 Nce5 20. Nxe5 fxe5 21. f3 Bc6 22. Rd2 Rf6 23. Rad1 Qf7 24. a4 h5 25. c4 Nf4 26. Qxe5 Rg6 27. b5 axb5 28. cxb5 Bb7 29. Rxd7 Rxg2+ 30. Kf1 Qg6 31. Qxf4 Rc8 32. Rd8+ Kh7 33. Qf8 1-0


[Site "https://www.chess.com"]

[Event "Titled Tuesday Blitz December 13 Late 2022"]
[White "Rustemov, Alexander"]
[Black "Abasov, Nijat"]
[WhiteFideId "4119002"]
[BlackFideId "13402960"]
[WhiteElo "2770"]
[BlackElo "2546"]
[Result "1/2-1/2"]
[Round "04"]
[TimeControl "180+1"]
[Date "2022.12.13"]
[WhiteClock "0:00:14"]
[BlackClock "0:00:04"]

1. d4 Nf6 2. c4 e6 3. Nf3 b6 4. a3 Bb7 5. Nc3 d5 6. Bg5 Be7 7. Bxf6 Bxf6 8. cxd5 exd5 9. Qa4+ Qd7 10. Qxd7+ Nxd7 11. e3 a6 12. b4 O-O 13. Bd3 Rfe8 14. Kd2 g6 15. a4 a5 16. b5 Nf8 17. Rhc1 Ne6 18. Rc2 Be7 19. Rac1 Ba3 20. Ra1 Bb4 21. Kc1 f6 22. Kb2 Kf7 23. Rac1 Re7 24. g3 Rd8 25. Bf1 Ng5 26. Bg2 Ne4 27. Nxe4 dxe4 28. Nd2 Rdd7 29. Bh3 f5 30. Nc4 Bd6 31. Bf1 Kf6 32. h4 h5 33. Be2 Rg7 34. Nd2 Bd5 35. Bc4 Bb7 36. Nb1 g5 37. Rh1 Rh7 38. Nc3 Rdg7 39. hxg5+ Rxg5 40. Rh4 Rg4 41. Rxg4 hxg4 42. Bd5 Bc8 43. Ne2 Rh2 44. Nf4 Bd7 45. Bc4 Kg5 46. Ne6+ Bxe6 47. Bxe6 Kf6 48. Bd7 Kg5 49. Kb3 Kf6 50. Bc8 Kg5 51. Be6 Kf6 52. Bd7 Kg6 53. Bc8 Kf6 54. Bd7 Rh1 55. Ra2 Rf1 56. Kc4 Bb4 57. Kd5 Rc1 58. Bc8 Be1 59. Bd7 Bb4 60. Bc8 Be1 61. Bd7 Bb4 1/2-1/2


[Site "https://www.chess.com"]

[Event "Titled Tuesday Blitz December 13 Late 2022"]
[White "Sadhwani, Raunak"]
[Black "Boros, Denes"]
[WhiteFideId "35093487"]
[BlackFideId "722340"]
[WhiteElo "2657"]
[BlackElo "2464"]
[Result "1-0"]
[Round "04"]
[TimeControl "180+1"]
[Date "2022.12.13"]
[WhiteClock "0:00:08"]
[BlackClock "0:00:08"]

1. d4 e6 2. Nf3 c5 3. e4 cxd4 4. Nxd4 Bc5 5. Nb3 Be7 6. Qg4 Bf6 7. Nc3 d6 8. Qg3 Nc6 9. Nb5 e5 10. Bc4 a6 11. Nc3 Nge7 12. Bg5 Ng6 13. Bxf6 Qxf6 14. Nd5 Qd8 15. h4 h5 16. O-O-O b5 17. Be2 Be6 18. Kb1 Rb8 19. Ne3 Nf4 20. Qxg7 Kd7 21. Bf3 Rg8 22. Nc5+ Kc8 23. Qh6 Rh8 24. Qg7 Rg8 25. Nxe6 fxe6 26. Qh6 Rh8 27. Qg5 Kc7 28. g3 Qxg5 29. hxg5 Ng6 30. Bxh5 Nge7 31. f4 Rbg8 32. Bf7 Rxh1 33. Rxh1 Rg7 34. Bxe6 Nd4 35. Nd5+ Nxd5 36. exd5 Ne2 37. f5 Nxg3 38. f6 Rxg5 39. Rh7+ Kb6 40. f7 Ne4 41. a3 Rg1+ 42. Ka2 Rf1 43. Rh8 Ng5 44. f8=Q Rxf8 45. Rxf8 e4 46. Kb1 Kc5 47. c3 a5 48. Kc2 Nf3 49. Rc8+ Kb6 50. Rc6+ Kb7 51. Rxd6 e3 52. Kd3 Ne5+ 53. Ke2 Nc4 54. Rd7+ Kb6 55. d6 Nxb2 56. Rc7 Na4 57. Rc8 Nxc3+ 58. Rxc3 1-0


[Site "https://www.chess.com"]

[Event "Titled Tuesday Blitz December 13 Late 2022"]
[White "Santos Flores, Alberto"]
[Black "Lashkin, Jegor"]
[WhiteFideId "3601234"]
[BlackFideId "13907808"]
[WhiteElo "2235"]
[BlackElo "2368"]
[Result "0-1"]
[Round "04"]
[TimeControl "180+1"]
[Date "2022.12.13"]
[WhiteClock "0:00:44"]
[BlackClock "0:02:17"]

1. d4 d5 2. Nf3 Nf6 3. c4 e6 4. Nc3 c5 5. e3 a6 6. a4 Nc6 7. dxc5 Bxc5 8. cxd5 exd5 9. Be2 O-O 10. O-O Re8 11. b3 d4 12. exd4 Nxd4 13. Nxd4 Qxd4 14. Bb2 Qh4 15. Bf3 Bg4 16. Nd5 Ne4 17. g3 Nxg3 18. Bxg4 Nxf1 19. Kxf1 Qxf2# 0-1


[Site "https://www.chess.com"]

[Event "Titled Tuesday Blitz December 13 Late 2022"]
[White "Sarana, Alexey"]
[Black "Tabatabaei, M. Amin"]
[WhiteFideId "24133795"]
[BlackFideId "12521213"]
[WhiteElo "2708"]
[BlackElo "2551"]
[Result "1-0"]
[Round "04"]
[TimeControl "180+1"]
[Date "2022.12.13"]
[WhiteClock "0:00:08"]
[BlackClock "0:00:06"]

1. d4 Nf6 2. c4 e6 3. Nc3 d5 4. cxd5 exd5 5. Bf4 c5 6. e3 Nc6 7. Nf3 c4 8. Ne5 Bb4 9. Be2 Qa5 10. O-O Bxc3 11. bxc3 Ne4 12. Bf3 Bf5 13. Bxe4 Bxe4 14. Qg4 O-O 15. Nxc6 bxc6 16. Bd6 Rfe8 17. Be5 Bg6 18. Rfc1 f6 19. Bd6 Rad8 20. Bg3 Kf7 21. a4 Re7 22. h4 h5 23. Qe2 Rb7 24. Ra2 Rb3 25. Qe1 Rd7 26. f3 Re7 27. Kh2 Bd3 28. Bf4 Re8 29. Qg3 Re7 30. Qf2 Reb7 31. Qe1 Rb1 32. Ra1 Rxa1 33. Rxa1 Rb2 34. Ra3 Rb3 35. Bd6 Rxa3 36. Bxa3 Qxa4 37. Bc5 a5 38. Qg3 Qc2 39. Qc7+ Kg8 40. Qxc6 Bg6 41. Qxd5+ Bf7 42. Qd8+ Kh7 43. Qd7 Qf2 44. Kh3 Bg6 45. Bf8 Bf5+ 46. Qxf5+ Kg8 47. Bc5 Qe1 48. Qd5+ Kh7 49. Qxh5+ Kg8 50. Qd5+ Kh7 51. Qxc4 Qh1+ 52. Kg3 Qe1+ 53. Kg4 Qh1 54. Qd3+ g6 55. Qe2 Qh2 56. e4 a4 57. f4 Kh6 58. e5 f5+ 59. Kf3 Qxh4 60. d5 Qg4+ 61. Ke3 Qg3+ 62. Qf3 Qe1+ 63. Kd4 Qd2+ 64. Kc4 Qa2+ 65. Kb5 Qb3+ 66. Kc6 a3 67. e6 a2 68. Qh3+ Kg7 69. Bd4+ Kf8 70. Qh8+ Ke7 71. Qg7+ Ke8 72. Qf7+ Kd8 73. Qd7# 1-0


[Site "https://www.chess.com"]

[Event "Titled Tuesday Blitz December 13 Late 2022"]
[White "Sargsyan, Anna M."]
[Black "Grot, Blazej"]
[WhiteFideId "13308130"]
[BlackFideId "21835845"]
[WhiteElo "2284"]
[BlackElo "1823"]
[Result "1-0"]
[Round "04"]
[TimeControl "180+1"]
[Date "2022.12.14"]
[WhiteClock "0:01:33"]
[BlackClock "0:00:07"]

1. d4 d6 2. e4 Nf6 3. Nc3 e5 4. Nf3 Nbd7 5. Bc4 Be7 6. O-O O-O 7. Re1 c6 8. a4 Qc7 9. h3 a6 10. a5 exd4 11. Nxd4 Ne5 12. Bf1 Re8 13. Be3 Bf8 14. f4 Ng6 15. Qf3 b6 16. axb6 Qxb6 17. b3 c5 18. Nf5 Qb4 19. Bd2 Bxf5 20. exf5 Qd4+ 21. Qf2 Ne7 22. Qxd4 cxd4 23. Ne4 Nxe4 24. Rxe4 Nxf5 25. Rxe8 Rxe8 26. Rxa6 Ne3 27. Bd3 d5 28. Kf2 Bd6 29. Rxd6 Rc8 30. Bxe3 dxe3+ 31. Kxe3 1-0


[Site "https://www.chess.com"]

[Event "Titled Tuesday Blitz December 13 Late 2022"]
[White "Sariego Figueredo, Wilfredo"]
[Black "Khandelwal, Ankush"]
[WhiteFideId "3500080"]
[BlackFideId "413470"]
[WhiteElo "2309"]
[BlackElo "2271"]
[Result "0-1"]
[Round "04"]
[TimeControl "180+1"]
[Date "2022.12.14"]
[WhiteClock "0:00:50"]
[BlackClock "0:00:43"]

1. d4 Nf6 2. Bf4 g6 3. Nc3 d5 4. Nb5 Na6 5. e3 Bg7 6. Nf3 c6 7. Nc3 Nc7 8. Qd2 Ne4 9. Nxe4 dxe4 10. Ne5 O-O 11. Be2 a5 12. h4 f6 13. Bc4+ Nd5 14. h5 fxe5 15. hxg6 exf4 16. gxh7+ Kh8 17. O-O-O fxe3 18. fxe3 e5 19. Qe2 Qg5 20. Bxd5 cxd5 21. Rdf1 Bg4 22. Qb5 exd4 23. Qxb7 dxe3 24. Kb1 Rxf1+ 25. Rxf1 Rf8 26. Rxf8+ Bxf8 27. Qa7 e2 28. Qxa5 Qe3 29. Qe1 Qd4 0-1


[Site "https://www.chess.com"]

[Event "Titled Tuesday Blitz December 13 Late 2022"]
[White "Seletsky, Grigory"]
[Black "Marcolino, Daniel Mattos"]
[WhiteFideId "14112191"]
[BlackFideId "2106841"]
[WhiteElo "2492"]
[BlackElo "2131"]
[Result "0-1"]
[Round "04"]
[TimeControl "180+1"]
[Date "2022.12.14"]
[WhiteClock "0:00:00"]
[BlackClock "0:00:10"]

1. d4 Nf6 2. c4 e6 3. Bg5 d5 4. Nc3 dxc4 5. e4 h6 6. Bxf6 Qxf6 7. Bxc4 Bb4 8. Nf3 O-O 9. O-O b6 10. Qe2 Bb7 11. Rac1 Nd7 12. a3 Bxc3 13. Rxc3 c5 14. dxc5 Nxc5 15. Re3 e5 16. b4 Ne6 17. Bxe6 Qxe6 18. Rc1 Rac8 19. Rec3 Rxc3 20. Rxc3 Rc8 21. Rxc8+ Bxc8 22. h3 Qd6 23. Qc2 Bb7 24. Qc3 Qc6 25. Qxc6 Bxc6 26. Nd2 Kf8 27. f3 Ke7 28. Kf2 Kd6 29. Ke3 Bb5 30. h4 Kc6 31. Nb1 Bf1 32. Kf2 Bc4 33. Nc3 a5 34. Ke3 axb4 35. axb4 Bf1 36. g3 Bg2 37. f4 exf4+ 38. gxf4 Bh3 39. e5 Bf5 40. Kd4 Bc2 41. Ne2 Bf5 42. Ng3 Bc8 43. Nh5 g6 44. Nf6 Be6 45. Ng8 h5 46. Nf6 Kb5 47. Kc3 Kc6 48. Kd4 Ba2 49. Ne4 Be6 50. Nc3 Bf5 51. b5+ Kc7 52. Nd5+ Kb7 53. Ne3 Be6 54. Kc3 Kc7 55. Kb4 Kb7 56. Nf1 Kc7 57. Nd2 Kb7 58. Nf3 Kc7 59. Nd4 Bg4 60. Kc3 Bh3 61. Kd3 Bf1+ 62. Ke3 Kd7 63. Ke4 Bc4 64. f5 gxf5+ 65. Kxf5 Bd3+ 66. Kg5 Ke7 67. Kxh5 f6 68. exf6+ Kxf6 69. Kg4 Ke5 70. Nf3+ Kd5 71. h5 Bxb5 72. h6 Bd3 73. Kf4 b5 74. Nh4 b4 0-1


[Site "https://www.chess.com"]

[Event "Titled Tuesday Blitz December 13 Late 2022"]
[White "Shapiro, Daniel"]
[Black "Han, Yichen"]
[WhiteFideId "2001780"]
[BlackFideId "1054430"]
[WhiteElo "2366"]
[BlackElo "2323"]
[Result "0-1"]
[Round "04"]
[TimeControl "180+1"]
[Date "2022.12.14"]
[WhiteClock "0:00:11"]
[BlackClock "0:00:29"]

1. d4 g6 2. e4 Bg7 3. Nc3 c6 4. h3 d5 5. e5 c5 6. f4 Nc6 7. Nf3 Nh6 8. g4 f6 9. Be3 O-O 10. Qd2 fxe5 11. fxe5 Rxf3 12. Bxh6 Nxd4 13. Bxg7 Kxg7 14. Bg2 Be6 15. O-O-O Rf8 16. h4 Bxg4 17. Rdg1 Bh5 18. Bxd5 Nf3 19. Qe3 Nxg1 20. Rxg1 e6 21. Bxe6 Qd4 22. Qxd4 cxd4 23. Nb5 Rae8 24. Nxd4 Rf4 25. c3 Rxd4 26. cxd4 Rxe6 27. Kd2 Re8 28. Rc1 Re7 29. Ke3 h6 30. Ke4 Rf7 31. d5 Bf3+ 32. Kd4 Rf4+ 33. Ke3 Rf8 34. Kd4 g5 35. Rc7+ Rf7 36. d6 Rxc7 37. dxc7 Bg4 38. hxg5 hxg5 39. Kd5 Kf7 40. Kd6 Bc8 41. e6+ Bxe6 42. Ke5 Ke7 43. a4 Bh3 44. b4 Kd7 45. b5 Kxc7 0-1


[Site "https://www.chess.com"]

[Event "Titled Tuesday Blitz December 13 Late 2022"]
[White "Silvestre, Christian"]
[Black "Papp, Levente"]
[WhiteFideId "30956269"]
[BlackFideId "751243"]
[WhiteElo "2340"]
[BlackElo "2380"]
[Result "0-1"]
[Round "04"]
[TimeControl "180+1"]
[Date "2022.12.14"]
[WhiteClock "0:00:04"]
[BlackClock "0:00:05"]

1. d4 e6 2. Bf4 c5 3. c3 Qb6 4. Qb3 cxd4 5. Qxb6 axb6 6. cxd4 Nc6 7. Nf3 Nb4 8. Kd2 Nd5 9. Bg3 Ngf6 10. a3 Ne4+ 11. Kd3 f5 12. e3 d6 13. Nbd2 Bd7 14. Nxe4 fxe4+ 15. Kxe4 Nb4 16. Rc1 Bc6+ 17. Kf4 Nd5+ 18. Kg4 Be7 19. h4 e5 20. Kh3 e4 21. Nd2 Nf6 22. Be2 O-O 23. Kh2 b5 24. Bf4 Nd5 25. Bg3 Nf6 26. f3 exf3 27. Bxf3 d5 28. Be5 Nd7 29. Bg3 Rae8 30. e4 dxe4 31. Bxe4 Bxe4 32. Nxe4 Bxh4 33. Nd6 Bxg3+ 34. Kxg3 Re3+ 35. Kh2 Rf6 36. Rc8+ Nf8 37. Nxb5 Rh6+ 38. Kg1 Re1+ 39. Kf2 Rhxh1 40. Nc3 Rhf1+ 41. Kg3 Re3+ 42. Kh2 Rd3 43. Nd5 Rxd4 44. Ne7+ Kf7 45. Rc7 Ne6 46. Rxb7 Kf6 47. Nd5+ Rxd5 48. Rf7+ Kxf7 0-1


[Site "https://www.chess.com"]

[Event "Titled Tuesday Blitz December 13 Late 2022"]
[White "So, Wesley"]
[Black "Melikyan, Gnel"]
[WhiteFideId "5202213"]
[BlackFideId "54109990"]
[WhiteElo "2763"]
[BlackElo "2138"]
[Result "1-0"]
[Round "04"]
[TimeControl "180+1"]
[Date "2022.12.13"]
[WhiteClock "0:00:40"]
[BlackClock "0:00:02"]

1. d4 Nf6 2. c4 g6 3. Nc3 Bg7 4. e4 d6 5. f3 O-O 6. Nge2 c5 7. d5 e6 8. Ng3 a6 9. a4 exd5 10. cxd5 Nbd7 11. Be2 Ne5 12. f4 Ned7 13. O-O Re8 14. Kh1 h5 15. e5 dxe5 16. f5 h4 17. Nge4 Nxe4 18. Nxe4 Nf6 19. fxg6 fxg6 20. Bg5 Bf5 21. Nxc5 Qb6 22. Ne6 h3 23. gxh3 Bxe6 24. dxe6 Qc6+ 25. Bf3 e4 26. Bg2 Qxe6 27. Rf4 Rad8 28. Qc2 Rd4 29. Raf1 Nh5 30. Rg4 e3 31. Bxe3 Qxe3 32. Qxg6 Rxg4 33. Qf7+ Kh7 34. Qxh5+ Qh6 35. Qxe8 Rg5 36. Be4+ 1-0


[Site "https://www.chess.com"]

[Event "Titled Tuesday Blitz December 13 Late 2022"]
[White "Souleidis, Georgios"]
[Black "Bettalli, Francesco"]
[WhiteFideId "4206827"]
[BlackFideId "2816453"]
[WhiteElo "2401"]
[BlackElo "2216"]
[Result "1/2-1/2"]
[Round "04"]
[TimeControl "180+1"]
[Date "2022.12.14"]
[WhiteClock "0:00:21"]
[BlackClock "0:01:53"]

1. e4 e5 2. Nc3 Bc5 3. Nf3 Nf6 4. Bc4 O-O 5. O-O d6 6. d3 c6 7. Bb3 Nbd7 8. d4 exd4 9. Nxd4 Ne5 10. h3 Qb6 11. Be3 Qc7 12. Qd2 b5 13. a3 a5 14. f3 Ba6 15. Rfd1 Rad8 16. Nf5 Bxe3+ 17. Qxe3 Ng6 18. Qf2 Bc8 19. Ne3 Be6 20. Qg3 a4 21. Ba2 Bxa2 22. Nxa2 Qe7 23. Nc3 Qe5 24. Qxe5 dxe5 25. g3 Ne7 26. Kf2 Nd7 27. Rd6 Nc5 28. Rad1 Ne6 29. Rxd8 Rxd8 30. Rxd8+ Nxd8 31. b3 axb3 32. cxb3 Ne6 33. Nc2 Nc5 34. a4 Nxb3 35. axb5 cxb5 36. Nxb5 Nc5 1/2-1/2


[Site "https://www.chess.com"]

[Event "Titled Tuesday Blitz December 13 Late 2022"]
[White "Sourath Biswas"]
[Black "Bernat, David"]
[WhiteFideId "35091484"]
[BlackFideId "2099225"]
[WhiteElo "2164"]
[BlackElo "2306"]
[Result "1-0"]
[Round "04"]
[TimeControl "180+1"]
[Date "2022.12.14"]
[WhiteClock "0:01:03"]
[BlackClock "0:00:02"]

1. d4 d5 2. Bf4 Nf6 3. e3 c5 4. Nf3 Qb6 5. Nc3 c4 6. e4 Qxb2 7. Nxd5 Nxd5 8. exd5 Bg4 9. Rb1 Bxf3 10. Rxb2 Bxd1 11. Kxd1 Nd7 12. Rxb7 Nb6 13. Bc7 Nxd5 14. Bxc4 Nxc7 15. Rxc7 Kd8 16. Rb7 Kc8 17. Ba6 Kd8 18. Ke2 h5 19. Rhb1 Rh6 20. Bb5 Rb6 21. Bc4 Rxb1 22. Rxb1 e6 23. Rb7 Be7 24. Bb5 Bf6 25. Rxf7 Kc8 26. Rf8+ Bd8 27. Bc4 Kd7 28. Rf7+ Kd6 29. Rxg7 Rc8 30. Kd3 Bb6 31. Rg6 Re8 32. f4 1-0


[Site "https://www.chess.com"]

[Event "Titled Tuesday Blitz December 13 Late 2022"]
[White "Stanisz, Patryk"]
[Black "Mazurkiewicz, Michal"]
[WhiteFideId "1123106"]
[BlackFideId "1124943"]
[WhiteElo "2069"]
[BlackElo "2081"]
[Result "1-0"]
[Round "04"]
[TimeControl "180+1"]
[Date "2022.12.14"]
[WhiteClock "0:00:17"]
[BlackClock "0:00:10"]

1. Nf3 Nf6 2. g3 g6 3. Bg2 Bg7 4. O-O O-O 5. c4 d6 6. Nc3 c5 7. b3 Ne4 8. Bb2 Nxc3 9. Bxc3 Bxc3 10. dxc3 Nc6 11. h4 Bg4 12. Qd2 Qd7 13. Nh2 Bh3 14. Qh6 Ne5 15. Rad1 Bxg2 16. Kxg2 Ng4 17. Nxg4 Qxg4 18. f3 Qe6 19. e4 Qe5 20. h5 Qxc3 21. Rd5 a5 22. e5 e6 23. hxg6 fxg6 24. Rxd6 Qxe5 25. Rd7 Rf7 26. Rxf7 Kxf7 27. Qxh7+ Qg7 28. Qxg7+ Kxg7 29. Rd1 a4 30. Rd7+ Kf6 31. Rxb7 axb3 32. axb3 Ra2+ 33. Kh3 g5 34. Kg4 Rb2 35. Rb5 Rb1 36. Rxc5 Rxb3 37. Rxg5 e5 38. Rh5 Kg6 39. Rxe5 Rb4 40. Re4 Kf6 41. Kf4 Rb1 42. g4 Rc1 43. Rd4 Re1 44. g5+ Ke6 45. Re4+ 1-0


[Site "https://www.chess.com"]